 Dungeon Crawl Stone Soup version 0.30-a0-830-gfe289a77b0 (webtiles) character file.

Game seed: 17228139504452727823

32 sircluck the Grave Robber (level 3, 0/24 HPs)
             Began as a Human Necromancer on Feb 28, 2023.
             Slain by a ball python (1 damage)
             ... on level 2 of the Dungeon.
             The game lasted 00:03:06 (967 turns).

sircluck the Grave Robber (Human Necromancer)        Turns: 967, Time: 00:03:06

Health: 0/24       AC:  2    Str:  8    XL:     3   Next: 45%
Magic:  1/6        EV: 12    Int: 17    God:
Gold:   76         SH:  0    Dex: 13    Spells: 5/6 levels left

rFire   . . .      SeeInvis .    f - +0 dagger
rCold   . . .      Faith    .    (no shield)
rNeg    . . .      Spirit   .    a - +0 robe
rPois   .          Reflect  .    (no helmet)
rElec   .          Harm     .    (no cloak)
rCorr   .          Rampage  .    (no gloves)
Will    .....                    (no boots)
Stlth   ++                       (no amulet)
HPRegen 0.24/turn                (no ring)
MPRegen 0.10/turn                (no ring)

@: lethally poisoned (0 -> -2)
A: no striking features
a: no special abilities


You were on level 2 of the Dungeon.
You visited 1 branch of the dungeon, and saw 2 of its levels.

You collected 76 gold pieces.

Inventory:

Hand Weapons
 f - a +0 dagger (weapon)
 j - a +0 short sword of freezing
Missiles
 k - 2 stones
 m - 5 javelins
Armour
 a - a +0 robe (worn)
 c - a +0 buckler
Jewellery
 i - a ring of ice
 l - a ring of protection from fire
Scrolls
 d - 2 scrolls of enchant armour {unknown}
 g - a scroll of enchant weapon {unknown}
Potions
 b - a potion of magic
 e - a potion of flight {unknown}
 h - a potion of heal wounds {unknown}


   Skills:
 + Level 0.1 Fighting
 + Level 0.2 Short Blades
 + Level 2.1 Dodging
 + Level 2.2 Stealth
 + Level 0.4 Unarmed Combat
 + Level 2.3 Spellcasting
 + Level 4.5 Necromancy


You had 5 spell levels left.
You knew the following spells:

 Your Spells              Type           Power      Damage    Failure   Level
a - Necrotise             Necr           68%        1d7       3%          1

Your spell library contained the following spells:

 Spells                   Type           Power      Damage    Failure   Level
 Vampiric Draining        Necr           17%        2d7       9%          3
 Animate Dead             Necr           17%        N/A       28%         4
 Agony                    Necr           17%        N/A       63%         5


Dungeon Overview and Level Annotations

Branches:
Dungeon (2/15)

Altars:


Message History

Your bat skeleton barely misses the hobgoblin.
The adder completely misses you.
The hobgoblin barely misses your bat skeleton.
Your kobold skeleton closely misses the ball python.
Your bat skeleton hits the hobgoblin but does no damage.
You barely miss the adder.
The adder is moderately wounded.
Your bat skeleton closely misses the hobgoblin.
The adder bites you. The ball python misses you.
The ball python closely misses you.
Your bat skeleton hits the hobgoblin.
The hobgoblin hits your bat skeleton.
Your bat skeleton is destroyed!
The ball python bites your kobold skeleton.
The ball python grabs your kobold skeleton.
The ball python constricts your kobold skeleton.
The adder bites you.
You are poisoned.
The adder poisons you!
Your kobold skeleton hits the ball python.
The ball python bites you.
* * * LOW HITPOINT WARNING * * *
The ball python barely misses you.
You feel sick. The adder bites you but does no damage.
The ball python loses its grip on your kobold skeleton.
You closely miss the ball python.
The ball python is moderately wounded.
You feel sick. The adder closely misses you.
The ball python bites your kobold skeleton.
The ball python grabs your kobold skeleton.
The ball python constricts your kobold skeleton.
The ball python closely misses you. The ball python barely misses you.
You hit the ball python but do no damage.
The ball python is moderately wounded.
You feel sick. The adder bites you.
* * * LOW HITPOINT WARNING * * *
The giant cockroach bites your kobold skeleton.
The ball python bites your kobold skeleton.
Your kobold skeleton is destroyed!
The ball python bites you.
You die...

########
#.#<.....####.!.
......)....$@S......
..###.###g.S.####.##
.........SB..$..
###.###....####.#
#....# ......?..
..###........
#..........
#..........


You could see an adder, a giant cockroach, a hobgoblin and 2 ball pythons.

Vanquished Creatures
  A worm (D:2)
  A dart slug (D:1)
  An endoplasm (D:1)
  2 giant cockroaches (D:1)
  A goblin (D:1)
  A hobgoblin (D:1)
  A quokka (D:1)
  2 ball pythons (D:1)
  A bat (D:2)
  4 frilled lizards (D:1)
  5 kobolds
  5 rats (D:1)
25 creatures vanquished.

Vanquished Creatures (collateral kills)
  A dart slug (D:1)
  A kobold (D:1)
2 creatures vanquished.

Grand Total: 27 creatures vanquished

Notes
Turn   | Place    | Note
-------+----------+-------------------------------------------
     0 | D:1      | sircluck the Human Necromancer began the quest for the Orb.
     0 | D:1      | Reached XP level 1. HP: 13/13 MP: 3/3
   145 | D:1      | Reached XP level 2. HP: 17/19 MP: 0/5
   650 | D:1      | Reached XP level 3. HP: 24/24 MP: 4/6
   967 | D:2      | HP: 1/24 [adder (4)]
   967 | D:2      | Slain by a ball python

Illustrated notes

Levels and vault maps discovered:
D:1:      psy_arrival_whirlpool, layout_loops_ring, st_stairs_11
D:2:      layout_basic, minmay_misc_feat_plants, minivault_24

Action                     || total
---------------------------++-------
  Melee: Unarmed           ||    19
         Dagger            ||    37
   Cast: Necrotise         ||    28
   Stab: Sleeping          ||     3
 Armour: Robe              ||    16
  Dodge: Dodged            ||    40

Table legend: (Time is in decaauts)
 A = Elapsed time spent in this place.
 B = Non-inter-level travel time spent in this place.
 C = Inter-level travel time spent in this place.
 D = Time resting spent in this place.
 E = Time spent auto-exploring this place.
 F = Levels seen in this place.
 G = Mean time per level.
                   A        B        C        D        E       F      G
               +--------+--------+--------+--------+--------+-----+--------+
         Total |    967 |    924 |     43 |      0 |    626 |   2 |  483.5 |
       Dungeon |    967 |    924 |     43 |      0 |    626 |   2 |  483.5 |
               +--------+--------+--------+--------+--------+-----+--------+

Top non-repeatable levels by time:
     D:1: 931 daAuts
     D:2: 35 daAuts
